SKY
MILWAUKEE BREWERS @ NEW YORK METS
05/21/2052
 
TOP OF THE 1ST
Milwaukee Brewers batting - Pitching for New York Mets : RHP Georgie Lang
Pitching: RHP Georgie Lang
Batting: LHB Yandy Zamano 0-0: Ground out 3-1 (Groundball, 34, EV 91.3 MPH)
Batting: RHB Vince Verdugo 0-0: Called Strike
0-1: Fly out, F9 (Flyball, 89M, EV 90.0 MPH)
Batting: LHB Joshua Ragsdale 0-0: Ball
1-0: Ball
2-0: Ball
3-0: Base on Balls
Batting: RHB Nick Hodge 0-0: Foul Ball, location: 2RF
0-1: Ground out 4-3 (Groundball, 4M, EV 105.6 MPH)
Top of the 1st over - 0 runs, 0 hits, 0 errors, 1 left on base; Milwaukee 0 - New York 0
BOTTOM OF THE 1ST
New York Mets batting - Pitching for Milwaukee Brewers : RHP Colton Tucker
Pitching: RHP Colton Tucker
Batting: LHB Elih Zelaya 0-0: Ball
1-0: Ball
2-0: Fly out, F3 (Line Drive, 34, EV 71.3 MPH)
Batting: LHB Cody Phillips 0-0: Ball
1-0: SINGLE (Line Drive, 56D, EV 96.9 MPH)
Batting: RHB Javin Hall 0-0: Swinging Strike
0-1: Swinging Strike
0-2: Strikes out swinging
Batting: LHB Earl Jones 0-0: Ball
1-0: Called Strike
Cody Phillips steals 2nd base
1-1: Foul Ball, location: 2F
1-2: Strikes out looking
Bottom of the 1st over - 0 runs, 1 hit, 0 errors, 1 left on base; Milwaukee 0 - New York 0
TOP OF THE 2ND
Milwaukee Brewers batting - Pitching for New York Mets : RHP Georgie Lang
Batting: RHB Jason Jarman 0-0: Ball
1-0: Ball
2-0: Ball
3-0: Called Strike
3-1: Foul Ball, location: 3FF
3-2: Strikes out swinging
Batting: RHB Enzo Thomas 0-0: Ball
1-0: Fly out, F4 (Line Drive, 4M, EV 67.5 MPH)
Batting: LHB Florencio Rios 0-0: Ball
1-0: Ground out U3 (Groundball, 3L, EV 98.8 MPH)
Top of the 2nd over - 0 runs, 0 hits, 0 errors, 0 left on base; Milwaukee 0 - New York 0
BOTTOM OF THE 2ND
New York Mets batting - Pitching for Milwaukee Brewers : RHP Colton Tucker
Batting: SHB Emmanuel González 0-0: Ball
1-0: Foul Ball, location: 2F
1-1: Foul Ball, location: 3FF
1-2: Ball
2-2: Strikes out swinging
Batting: RHB Jonathan Mitchell 0-0: Called Strike
0-1: Called Strike
0-2: Strikes out swinging
Batting: LHB Bobby Crooks 0-0: Ball
1-0: Ball
2-0: Swinging Strike
2-1: Foul Ball, location: 2F
2-2: Foul Ball, location: 2RF
2-2: Foul Ball, location: 3F
2-2: Strikes out swinging
Bottom of the 2nd over - 0 runs, 0 hits, 0 errors, 0 left on base; Milwaukee 0 - New York 0
TOP OF THE 3RD
Milwaukee Brewers batting - Pitching for New York Mets : RHP Georgie Lang
Batting: RHB Clemente Simpson 0-0: Ball
1-0: Called Strike
1-1: Swinging Strike
1-2: Strikes out swinging
Batting: RHB Russ Lavin 0-0: Ball
1-0: Called Strike
1-1: Ball
2-1: Ball
3-1: Base on Balls
Batting: LHB Yandy Zamano 0-0: Foul Ball, location: 2F
0-1: Ball
1-1: DOUBLE (Flyball, 8RXD, EV 95.0 MPH)
Russ Lavin to third
Runner from 3rd tries for Home, SAFE, throw by CF to home
Batting: RHB Vince Verdugo 0-0: Ball
1-0: Called Strike
1-1: Swinging Strike
1-2: Strikes out swinging
Batting: LHB Joshua Ragsdale 0-0: Called Strike
0-1: Foul Ball, location: 25F
0-2: Ball
1-2: Strikes out looking
Top of the 3rd over - 1 run, 1 hit, 0 errors, 1 left on base; Milwaukee 1 - New York 0
BOTTOM OF THE 3RD
New York Mets batting - Pitching for Milwaukee Brewers : RHP Colton Tucker
Batting: RHB Jeremy Zimmerman 0-0: Ball
1-0: Ball
2-0: SINGLE (Groundball, 56D, EV 95.6 MPH)
Batting: LHB Enrique Reyna 0-0: Ball
1-0: Sac Bunt to 13S - play at first, batter OUT! 1-3
Jeremy Zimmerman to second
Batting: LHB Elih Zelaya 0-0: Called Strike
0-1: Called Strike
0-2: Foul Ball, location: 7LSF
0-2: Strikes out swinging
Batting: LHB Cody Phillips 0-0: Called Strike
0-1: Called Strike
0-2: Strikes out swinging
Bottom of the 3rd over - 0 runs, 1 hit, 0 errors, 1 left on base; Milwaukee 1 - New York 0
TOP OF THE 4TH
Milwaukee Brewers batting - Pitching for New York Mets : RHP Georgie Lang
Batting: RHB Nick Hodge 0-0: Ball
1-0: SINGLE (Groundball, 6MD, EV 97.5 MPH)
Batting: RHB Jason Jarman 0-0: Called Strike
0-1: Ball
1-1: 2-RUN HOME RUN (Flyball, 89XD, EV 103.8 MPH), Distance : 419 ft
Batting: RHB Enzo Thomas 0-0: Swinging Strike
0-1: Swinging Strike
0-2: SINGLE (Groundball, 56D, EV 100.6 MPH)
Batting: LHB Florencio Rios 0-0: Fly out, F2 (Popup, 25F, EV 86.9 MPH)
Batting: RHB Clemente Simpson 0-0: Fly out, F6 (Popup, 6M, EV 60.6 MPH)
Batting: RHB Russ Lavin 0-0: Called Strike
0-1: Fielders Choice at 2nd, 5-4 (Groundball, 56, EV 105.6 MPH)
Top of the 4th over - 2 runs, 3 hits, 0 errors, 1 left on base; Milwaukee 3 - New York 0
BOTTOM OF THE 4TH
New York Mets batting - Pitching for Milwaukee Brewers : RHP Colton Tucker
Batting: RHB Javin Hall 0-0: Ball
1-0: Called Strike
1-1: Ball
2-1: Called Strike
2-2: Ball
3-2: SINGLE (Groundball, 6MD, EV 95.0 MPH)
Batting: LHB Earl Jones 0-0: Ball
1-0: 2-RUN HOME RUN (Flyball, 89XD, EV 111.3 MPH), Distance : 418 ft
Batting: SHB Emmanuel González 0-0: Ball
1-0: Foul Ball, location: 5F
1-1: Called Strike
1-2: Strikes out swinging, 2-3 out at first.
Batting: RHB Jonathan Mitchell 0-0: Ball
1-0: Foul Ball, location: 9LMF
1-1: Fly out, F4 (Popup, 34S, EV 78.1 MPH)
Batting: LHB Bobby Crooks 0-0: Foul Ball, location: 5SF
0-1: Ball
1-1: Foul Ball, location: 7LDF
1-2: Foul Ball, location: 3F
1-2: Strikes out swinging
Bottom of the 4th over - 2 runs, 2 hits, 0 errors, 0 left on base; Milwaukee 3 - New York 2
TOP OF THE 5TH
Milwaukee Brewers batting - Pitching for New York Mets : RHP Georgie Lang
Batting: LHB Yandy Zamano 0-0: Ball
1-0: Ball
2-0: Fly out, F9 (Flyball, 9, EV 97.5 MPH)
Batting: RHB Vince Verdugo 0-0: Foul Ball, location: 2F
0-1: Ball
1-1: Foul Ball, location: 7LMF
1-2: Foul Ball, location: 5DF
1-2: Strikes out swinging
Batting: LHB Joshua Ragsdale 0-0: Foul Ball, location: 2F
0-1: Swinging Strike
0-2: Ball
1-2: Foul Ball, location: 25F
1-2: Ground out 6-3 (Groundball, 6, EV 105.0 MPH)
Top of the 5th over - 0 runs, 0 hits, 0 errors, 0 left on base; Milwaukee 3 - New York 2
BOTTOM OF THE 5TH
New York Mets batting - Pitching for Milwaukee Brewers : RHP Colton Tucker
Batting: RHB Jeremy Zimmerman 0-0: Ball
1-0: Foul Ball, location: 3F
1-1: Reached on error, E5 (Groundball, P, EV 84.4 MPH)
Batting: LHB Enrique Reyna 0-0: Foul Ball, location: 3FF
0-1: Sac Bunt to 3S - play at first, batter OUT! 3-1
Jeremy Zimmerman to third
Batting: LHB Elih Zelaya 0-0: Ball
1-0: Called Strike
1-1: SINGLE (Groundball, 34D, EV 102.5 MPH)
Jeremy Zimmerman scores
Batting: LHB Cody Phillips 0-0: Foul Ball, location: 7LDF
0-1: Ball
1-1: Foul Ball, location: 2LF
1-2: Ball
2-2: Foul Ball, location: 2F
2-2: SINGLE (Flyball, 3D, EV 85.0 MPH)
Elih Zelaya to second
Batting: RHB Javin Hall 0-0: Called Strike
0-1: Foul Ball, location: 2F
0-2: SINGLE (Flyball, 3D, EV 85.0 MPH)
Elih Zelaya to third
Cody Phillips to second
Batting: LHB Earl Jones 0-0: Ball
1-0: Foul Ball, location: 5F
1-1: Fly out, F9 (Flyball, 9LMF, EV 95.6 MPH)
Runner from 3rd tags up, SCORES, throw by RF
Batting: SHB Emmanuel González 0-0: Ball
1-0: Swinging Strike
1-1: Called Strike
1-2: Foul Ball, location: 7LDF
1-2: Strikes out swinging
Bottom of the 5th over - 2 runs, 3 hits, 1 error, 2 left on base; Milwaukee 3 - New York 4
TOP OF THE 6TH
Milwaukee Brewers batting - Pitching for New York Mets : RHP Georgie Lang
Batting: RHB Nick Hodge 0-0: Ball
1-0: Swinging Strike
1-1: SINGLE (Groundball, 6MD, EV 101.9 MPH)
Batting: RHB Jason Jarman 0-0: Ball
1-0: Called Strike
1-1: Called Strike
1-2: Fly out, F7 (Flyball, 7D, EV 87.5 MPH)
Pinch Hitting: LHB Samuel Vay 0-0: Foul Ball, location: 5FF
0-1: Ball
1-1: Ball
2-1: SINGLE (Groundball, 6MD, EV 101.9 MPH)
Nick Hodge to second
Batting: LHB Florencio Rios 0-0: Foul Ball, location: 5SF
0-1: Foul Ball, location: 5F
0-2: Fly out, F8 (Flyball, 8RD, EV 90.0 MPH)
Batting: RHB Clemente Simpson 0-0: Called Strike
0-1: Ball
1-1: SINGLE (Groundball, 4D, EV 94.4 MPH)
Nick Hodge to third
Samuel Vay to second
Runner from 3rd tries for Home, SAFE, throw by CF to home
Pinch Runner at 2nd Atlas Moon:
Batting: RHB Russ Lavin 0-0: Swinging Strike
0-1: Ball
1-1: Foul Ball, location: 5FF
1-2: Ball
2-2: Ball
3-2: Fly out, F9 (Flyball, 9, EV 84.4 MPH)
Top of the 6th over - 1 run, 3 hits, 0 errors, 2 left on base; Milwaukee 4 - New York 4
BOTTOM OF THE 6TH
New York Mets batting - Pitching for Milwaukee Brewers : RHP Colton Tucker
Pitching: LHP Gerardo Hernández
Now at 1B: Jesse McCabe
Batting: RHB Jonathan Mitchell 0-0: Ball
1-0: Ball
2-0: Ball
3-0: Called Strike
3-1: Base on Balls
Batting: LHB Bobby Crooks 0-0: Sac Bunt to 5S - play at first, batter OUT! 5-3
Jonathan Mitchell to second
Batting: RHB Jeremy Zimmerman 0-0: Intentional Walk
Batting: LHB Enrique Reyna 0-0: Ball
1-0: Swinging Strike
1-1: Ball
2-1: Called Strike
2-2: Foul Ball, location: 2F
2-2: Strikes out swinging
Batting: LHB Elih Zelaya 0-0: Called Strike
0-1: Called Strike
0-2: Ball
1-2: Strikes out swinging
Bottom of the 6th over - 0 runs, 0 hits, 0 errors, 2 left on base; Milwaukee 4 - New York 4
TOP OF THE 7TH
Milwaukee Brewers batting - Pitching for New York Mets : RHP Georgie Lang
Pitching: RHP Zachary Flaherty
Batting: LHB Yandy Zamano 0-0: Foul Ball, location: 9LDF
0-1: Called Strike
0-2: Foul Ball, location: 2F
0-2: Ball
1-2: Ground out 4-3 (Groundball, 4, EV 77.5 MPH)
Batting: RHB Vince Verdugo 0-0: Called Strike
0-1: Swinging Strike
0-2: Ball
1-2: Foul Ball, location: 5SF
1-2: Strikes out swinging
Batting: LHB Joshua Ragsdale 0-0: Ball
1-0: Called Strike
1-1: Swinging Strike
1-2: Strikes out swinging
Top of the 7th over - 0 runs, 0 hits, 0 errors, 0 left on base; Milwaukee 4 - New York 4
BOTTOM OF THE 7TH
New York Mets batting - Pitching for Milwaukee Brewers : LHP Gerardo Hernández
Pinch Hitting: RHB Miroel Alcantar 0-0: Ball
1-0: Swinging Strike
1-1: Ball
2-1: Ball
3-1: Base on Balls
Batting: RHB Javin Hall 0-0: Fly out, F3 (Popup, 23, EV 80.6 MPH)
Batting: LHB Earl Jones 0-0: Ball
1-0: Hit by Pitch
Miroel Alcantar to second
Batting: RHB Tyler McCaughey 0-0: SINGLE (Groundball, 6MD, EV 100.0 MPH)
Miroel Alcantar to third
Earl Jones to second
Runner from 3rd tries for Home, SAFE, throw by CF to home
Now in LF: Wyatt Soloway
Now in CF: Yandy Zamano
Batting: RHB Jonathan Mitchell 0-0: Ball
1-0: Ball
2-0: Ball
3-0: Called Strike
3-1: Base on Balls
Earl Jones to third
Tyler McCaughey to second
Batting: LHB Bobby Crooks 0-0: Swinging Strike
0-1: Ball
1-1: Fly out, F8 (Flyball, 8LXD, EV 89.4 MPH)
Runner from 3rd tags up, SCORES, no throw by CF
Batting: RHB Jeremy Zimmerman 0-0: Called Strike
0-1: Ball
1-1: Foul Ball, location: 2F
1-2: Ball
2-2: Strikes out swinging
Bottom of the 7th over - 2 runs, 1 hit, 0 errors, 2 left on base; Milwaukee 4 - New York 6
TOP OF THE 8TH
Milwaukee Brewers batting - Pitching for New York Mets : RHP Zachary Flaherty
Now in LF: Miroel Alcantar
Now in RF: Elih Zelaya
Batting: RHB Nick Hodge 0-0: Foul Ball, location: 7LDF
0-1: SINGLE (Groundball, 6MD, EV 94.4 MPH)
Batting: LHB Wyatt Soloway 0-0: Foul Ball, location: 9LSF
0-1: Ball
1-1: Called Strike
1-2: Strikes out looking
Batting: RHB Jesse McCabe 0-0: Called Strike
0-1: Swinging Strike
0-2: Strikes out swinging
Batting: LHB Florencio Rios 0-0: Called Strike
0-1: Ball
1-1: Fly out, F7 (Line Drive, 7S, EV 87.5 MPH)
Top of the 8th over - 0 runs, 1 hit, 0 errors, 1 left on base; Milwaukee 4 - New York 6
BOTTOM OF THE 8TH
New York Mets batting - Pitching for Milwaukee Brewers : LHP Gerardo Hernández
Pitching: RHP Corey Milton
Batting: LHB Enrique Reyna 0-0: Foul Ball, location: 25F
0-1: Ground out 4-3 (Groundball, 4, EV 91.9 MPH)
Batting: LHB Elih Zelaya 0-0: Swinging Strike
0-1: Ball
1-1: Ball
2-1: Called Strike
2-2: Foul Ball, location: 3FF
2-2: Strikes out swinging
Batting: RHB Miroel Alcantar 0-0: Called Strike
0-1: Ball
1-1: Ball
2-1: Foul Ball, location: 2F
2-2: SINGLE (Line Drive, 89M, EV 102.5 MPH)
Batting: RHB Javin Hall 0-0: Foul Ball, location: 23FF
0-1: DOUBLE (Flyball, 8RXD, EV 95.0 MPH)
Miroel Alcantar to third
Runner from 3rd tries for Home, SAFE, no throw by CF
Batting: LHB Earl Jones 0-0: Ball
1-0: Swinging Strike
1-1: Ball
2-1: Ball
3-1: 2-RUN HOME RUN (Flyball, 9LD, EV 90.6 MPH), Distance : 341 ft
Pitching: LHP Thomas Moore
Batting: RHB Tyler McCaughey 0-0: Fly out, F5 (Popup, 5SF, EV 85.0 MPH)
Bottom of the 8th over - 3 runs, 3 hits, 0 errors, 0 left on base; Milwaukee 4 - New York 9
TOP OF THE 9TH
Milwaukee Brewers batting - Pitching for New York Mets : RHP Zachary Flaherty
Batting: RHB Clemente Simpson 0-0: Called Strike
0-1: Swinging Strike
0-2: Ball
1-2: Foul Ball, location: 3SF
1-2: Strikes out swinging
Batting: RHB Russ Lavin 0-0: Ball
1-0: Ball
2-0: Ball
3-0: Called Strike
3-1: Base on Balls
Batting: LHB Yandy Zamano 0-0: Called Strike
0-1: Ball
1-1: Called Strike
1-2: Strikes out swinging
Batting: RHB Vince Verdugo 0-0: Called Strike
0-1: Swinging Strike
0-2: Strikes out swinging
Top of the 9th over - 0 runs, 0 hits, 0 errors, 1 left on base; Milwaukee 4 - New York 9
Monday, April 22nd , 2024 - OOTP Baseball 24.11 Build 85